 Dungeon Sprint DCSS version 0.31.0-1-g2c135a0 (webtiles) character file.

Game seed: 17927469267019021095

57 PurpleRed the Destroyer (level 3, -5/19 HPs)
             Began as a Deep Elf Conjurer on Mar 28, 2024.
             Was a Believer of Sif Muna.
             Slain by Menkaure (17 damage)
             ... in the Dungeon (Sprint VII: "The Pits").
             The game lasted 00:02:56 (395 turns).

PurpleRed the Destroyer (Deep Elf Conjurer)          Turns: 395, Time: 00:02:56

Health: -5/19      AC:  2    Str:  4    XL:     3   Next: 73%
Magic:  1/10       EV: 12    Int: 24    God:    Sif Muna [**....]
Gold:   0          SH:  0    Dex: 13    Spells: 7/10 levels left

rFire   . . .        h - +2 dagger
rCold   . . .        (no shield)
rNeg    . . .        a - +0 robe
rPois   .            (no helmet)
rElec   .            (no cloak)
rCorr   .            (no gloves)
SInv    .            (no boots)
Will    .....        (no amulet)
Stlth   ++           (no ring)
HPRegen 0.23/turn    (no ring)
MPRegen 0.12/turn

%: no teleportation
@: no status effects
A: no striking features
a: Renounce Religion, Channel Magic


You were in the Dungeon.
You worshipped Sif Muna.
Sif Muna was pleased with you.
You visited 1 branch

Inventory:

Hand Weapons
 h - a +2 dagger (weapon)
 m - a +0 dagger of draining
Armour
 a - a +0 robe (worn)
Scrolls
 g - a scroll of blinking
 j - 2 scrolls of vulnerability
 k - 5 scrolls of amnesia
 l - a scroll of summoning
Potions
 b - 5 potions of magic
 c - 6 potions of curing
 d - 6 potions of heal wounds
 e - a potion of haste
 f - 3 potions of berserk rage
 i - a potion of invisibility


   Skills:
 - Level 2.4 Dodging
 - Level 2.4 Stealth
 + Level 4.0 Spellcasting
 * Level 9.0 Conjurations


You had 7 spell levels left.
You knew the following spells:

 Your Spells              Type           Power      Damage    Failure   Level
a - Magic Dart            Conj           100%       1d8       1%          1
b - Searing Ray           Conj           96%        2d7       1%          2

Your spell library contained the following spells:

 Spells                   Type           Power      Damage    Failure   Level
 Fulminant Prism          Conj/Alch      13%        3d8       16%         4
 Iskenderun's Mystic Bla  Conj/Tloc      26%        2d7       16%         4


Dungeon Overview and Level Annotations

Branches:
Dungeon (1/1)

Altars:
Ashenzari
Cheibriados
Dithmenos
Elyvilon
Fedhas
Gozag
Hepliaklqana
Kikubaaqudgha
Makhleb
Nemelex Xobeh
Okawaru
Qazlal
Ru
Sif Muna
Trog
Uskayaw
Vehumet
Wu Jian
Xom
Yredelemnul
Zin
The Shining One
Jiyva
Lugonu

Annotations:
D Menkaure


Message History

There is an open door to the Storerooms (Easy) here.
There is an open door to the Entrance Hall (Safe) here.
Casting: Searing Ray (safe; 1% risk of failure)
Confirm with . or Enter, or press ? or * to list all spells.
Aiming: Magic Dart (safe; 1% risk of failure)
Press: ? - help, Shift-Dir - straight line, f - Menkaure
Aim: Menkaure (100% to hit)
The magic dart hits Menkaure.
Menkaure is lightly damaged.
Casting: Magic Dart (safe; 1% risk of failure)
Confirm with . or Enter, or press ? or * to list all spells.
Aiming: Searing Ray (safe; 1% risk of failure)
Press: ? - help, Shift-Dir - straight line, f/p - Menkaure
Aim: Menkaure (lightly damaged, 92% to hit)
The searing ray hits Menkaure but does no damage.
Menkaure is lightly damaged. (Press . to maintain the ray.)
The searing ray misses Menkaure.
Menkaure calls on the powers of darkness!
Your body is wracked with pain!
The searing ray misses Menkaure.
The searing ray hits Menkaure.
Menkaure is moderately damaged.
You finish channelling your searing ray.
Casting: Searing Ray (safe; 1% risk of failure)
Confirm with . or Enter, or press ? or * to list all spells.
Aiming: Searing Ray (safe; 1% risk of failure)
Press: ? - help, Shift-Dir - straight line, f/p - Menkaure
Aim: Menkaure (moderately damaged, 92% to hit)
The searing ray hits Menkaure.
Menkaure is heavily damaged. (Press . to maintain the ray.) Menkaure blazes with dark energy!
The searing ray hits Menkaure.
Menkaure is severely damaged.
The searing ray hits Menkaure!
Menkaure is almost destroyed.
Menkaure hits you!
Ouch! That really hurt!
You die...

_________.#
_______...###########++
##########'##...........
#..(.')))'.##......#..#.
##########.##...........
#.....M.....'...........
#'#####'#####......#..#.
#.#[[#)....##..M........
#.#))#####'#####@#####++
#.#))#.....##.......#
#.#.)#.....##.......#
#.#..###'####.......#
#M##'#.†...##...<...#
#.#........##.......#
#.#........##.......#
#'###########.......#
#M......# #########


You could see Menkaure.

Vanquished Creatures
  A gnoll (D)
  An adder (D)
  3 river rats (D)
  An ufetubus (D)
  A ball python (D)
  A bat skeleton (D)
  2 endoplasms (D)
10 creatures vanquished.

Notes
Turn   | Place    | Note
-------+----------+-------------------------------------------
     0 | D        | PurpleRed the Deep Elf Conjurer began the quest for the
                  | Orb.
     0 | D        | Reached XP level 1. HP: 10/10 MP: 6/6
    15 | D        | Reached skill level 5 in Conjurations
    60 | D        | Found a glowing golden altar of the Shining One.
    60 | D        | Found a glowing silver altar of Zin.
    60 | D        | Found a basalt altar of Yredelemnul.
    60 | D        | Found a shimmering altar of Xom.
    60 | D        | Found an ornate altar of the Wu Jian Council.
    60 | D        | Found a bloodstained altar of Trog.
    60 | D        | Found a shimmering blue altar of Sif Muna.
    60 | D        | Found a sacrificial altar of Ru.
    60 | D        | Found a stormy altar of Qazlal.
    60 | D        | Found an iron altar of Okawaru.
    60 | D        | Found a sparkling altar of Nemelex Xobeh.
    60 | D        | Found a burning altar of Makhleb.
    60 | D        | Found a viscous altar of Jiyva.
    60 | D        | Found a hazy altar of Hepliaklqana.
    60 | D        | Found an opulent altar of Gozag.
    60 | D        | Found a blossoming altar of Fedhas.
    60 | D        | Found a white marble altar of Elyvilon.
    60 | D        | Found a shadowy altar of Dithmenos.
    60 | D        | Found a snail-covered altar of Cheibriados.
    61 | D        | Found a radiant altar of Vehumet.
    61 | D        | Found a corrupted altar of Lugonu.
    62 | D        | Found an ancient bone altar of Kikubaaqudgha.
    62 | D        | Found a hide-covered altar of Uskayaw.
    62 | D        | Found a broken altar of Ashenzari.
    63 | D        | Became a worshipper of Sif Muna the Loreminder
    80 | D        | Reached skill level 6 in Conjurations
    80 | D        | Reached XP level 2. HP: 7/15 MP: 5/8
    83 | D        | Learned a level 2 spell: Searing Ray
   127 | D        | Reached * piety under Sif Muna
   128 | D        | Reached skill level 7 in Conjurations
   179 | D        | Reached ** piety under Sif Muna
   180 | D        | Reached skill level 8 in Conjurations
   180 | D        | Reached XP level 3. HP: 19/19 MP: 6/10
   323 | D        | Noticed Menkaure
   331 | D        | Reached skill level 9 in Conjurations
   356 | D        | Noticed a black bear
   395 | D        | Slain by Menkaure

Illustrated notes

Levels and vault maps discovered:
D:        pitsprint [storerooms_1, entrance_room_1, metal_vault_7, armoury_2,
          mini_pit_1, grid_room_1, main_hall_1, silver_pit, the_coven_1,
          the_vestibule_1, steel_vault_5, golden_pit, hallway_of_sentries,
          crystal_vault_5, iron_vault_1, final_vault]

Skill      XL: |  1  2  3 |
---------------+----------+-----
Conjurations   | 6 8 9 |  9.0
Spellcasting   | 4 |  4.0
Dodging        | |  2.4
Stealth        | |  2.4

Action                     || total
---------------------------++-------
  Melee: Dagger            ||     2
   Cast: Magic Dart        ||     5
         Searing Ray       ||     8
    Use: Potion            ||     1
   Stab: Sleeping          ||     1
 Armour: Robe              ||    10
  Dodge: Dodged            ||     5
